Map: Alcyone LE

Players

재닌

  • Race: Terran Terran
  • League: Silver
  • Spawn Location: 1:00

차양 - Winner!

  • Race: Protoss Protoss
  • Spawn Location: 7:00

VOD

Have the link to the VOD?

Description

Time

  • Played on: June 4, 2024, 11:56 a.m.
  • Length: 13:32
Show
View Real Time Build Order
Export as new Build Order

재닌 Terran 

Build Orders:  

Get SALT Encoding   

  12  0:00  SCV  
  13  0:12  SCV  
  14  0:17  Supply Depot  
  14  0:24  SCV  
  15  0:38  SCV  
  15  0:40  Barracks  
  16  0:48  Refinery  
  16  0:55  SCV  
  17  1:07  SCV  
  18  1:19  SCV  
  19  1:28  Marine  
  19  1:32  Orbital Command  
  20  1:39  Command Center  
  20  1:50  Supply Depot  
  20  1:51  Barracks Reactor  
  20  2:30  Marine x2  
  20  2:32  Barracks  
  20  2:34  SCV  
  23  2:46  SCV  
  23  2:47  Factory  
  23  2:48  Marine x2  
  26  2:53  Refinery  
  26  2:58  SCV  
  27  3:02  Orbital Command  
  27  3:10  SCV  
  28  3:24  Engineering Bay  
  28  3:25  SCV  
  29  3:30  SCV  
  30  3:37  Barracks Tech Lab, Supply Depot, SCV  
  30  3:40  Starport, Factory Reactor  
  31  3:42  SCV  
  32  3:54  SCV  
  33  3:58  Terran Infantry Weapons Level 1  
  33  3:59  Supply Depot  
  33  4:03  Refinery  
  33  4:05  Marine x2  
  33  4:06  SCV  
  33  4:07  Marauder  
  38  4:13  SCV  
  39  4:18  SCV  
  39  4:22  Refinery  
  40  4:25  SCV  
  40  4:28  Marauder  
  40  4:29  Barracks  
  40  4:30  SCV  
  44  4:31  Marine x2  
  44  4:32  Factory Tech Lab  
  44  4:35  Supply Depot  
  46  4:42  SCV  
  46  4:44  SCV  
  48  4:49  Marine  
  49  4:54  SCV  
  49  4:56  SCV  
  53  5:00  Siege Tank  
  53  5:01  Medivac  
  53  5:06  Marauder, SCV  
  53  5:07  Marine x2  
  59  5:11  Missile Turret  
  61  5:15  Missile Turret  
  61  5:22  Barracks Tech Lab  
  61  5:27  Barracks, Supply Depot  
  61  5:28  Marauder  
  63  5:32  Widow Mine  
  65  5:36  Marine  
  65  5:41  Stimpack  
  66  5:52  Terran Infantry Armor Level 1  
  68  6:11  Widow Mine  
  68  6:12  Marine  
  68  6:14  Marine x2  
  68  6:16  Barracks Reactor  
  71  6:24  Supply Depot x2  
  71  6:28  Medivac x2  
  71  6:31  Marauder  
  77  6:34  Supply Depot  
  77  6:46  Widow Mine  
  79  6:52  Marauder  
  81  6:58  Marine x2  
  81  6:59  Marine, Marauder  
  81  7:00  Marine  
  87  7:06  SCV  
  87  7:07  Supply Depot  
  88  7:13  Marauder  
  90  7:18  SCV  
  90  7:20  Combat Shield  
  90  7:21  Marauder  
  93  7:30  SCV  
  93  7:32  Marine x3  
  93  7:33  Marine  
  93  7:35  Marauder, Siege Tank  
  93  7:37  Medivac x2  
  105  7:42  Marauder, SCV  
  106  7:50  Marine x2  
  108  7:56  Marauder  
  108  8:04  Marauder  
  110  8:09  Supply Depot  
  110  8:18  Supply Depot, Viking x2, Siege Tank  
  117  8:20  Marine  
  118  8:28  Command Center  
  118  8:39  Concussive Shells  
  118  8:45  Supply Depot  
  118  8:48  Viking x2  
  122  9:09  Starport  
  122  9:12  Fusion Core  
  122  9:18  Viking x2  
  122  9:22  Armory  
  116  10:36  Marine x4  
  116  10:37  Marauder x2  
  78  11:02  Marine x5  
  78  11:03  Marauder  
  77  11:20  Marine x4  
  77  11:21  Marauder  
  77  11:22  Starport Reactor  
  77  11:24  Marauder, Viking x2  
  89  11:26  Siege Tank  
  92  11:33  Supply Depot  
  92  11:36  Terran Vehicle Weapons Level 1  
  92  11:37  Marine  
  92  11:38  Marine x3  
  96  11:42  Marauder  
  96  11:46  Marauder  
  100  11:54  Viking x2  
  100  11:55  Marine x3  
  100  11:58  Refinery, Siege Tank  
  110  12:03  Refinery  
  110  12:04  Marauder  
  110  12:07  Marauder  
  114  12:08  Orbital Command  
  114  12:12  SCV  
  115  12:21  Supply Depot  
  115  12:24  Viking, SCV  
  115  12:25  Marauder  
  115  12:27  Missile Turret  
  120  12:30  Siege Tank  
  120  12:36  SCV  
  124  12:41  SCV  
  125  12:52  Sensor Tower  
  125  12:53  SCV  
  118  13:06  SCV  
Show
View Real Time Build Order
Export as new Build Order

차양 Protoss - Winner!

Build Orders: Colossus Rush 

Get SALT Encoding   

  12  0:00  Probe  
  13  0:13  Probe  
  14  0:23  Pylon  
  14  0:25  Probe  
  15  0:41  Probe (Chrono Boost)  
  16  0:44  Gateway  
  16  0:53  Assimilator  
  16  0:54  Probe (Chrono Boost)  
  17  1:07  Probe  
  18  1:19  Probe  
  19  1:31  Probe  
  20  1:35  Cybernetics Core  
  20  1:43  Probe  
  21  1:51  Nexus  
  21  1:53  Pylon  
  21  2:03  Assimilator  
  21  2:04  Probe  
  22  2:14  Warp Gate (Chrono Boost)  
  22  2:16  Probe  
  22  2:20  Adept (Chrono Boost)  
  25  2:28  Probe  
  25  2:47  Robotics Facility  
  25  2:58  Pylon  
  25  2:59  Probe  
  25  3:05  Probe  
  27  3:11  Probe  
  28  3:16  Stalker  
  28  3:17  Probe  
  31  3:23  Probe  
  32  3:29  Probe  
  33  3:35  Probe  
  33  3:38  Immortal (Chrono Boost)  
  38  3:41  Probe  
  38  3:47  Probe  
  40  3:54  Probe  
  41  3:56  Robotics Bay  
  41  4:00  Gateway x2  
  41  4:16  Immortal (Chrono Boost)  
  41  4:21  Stalker  
  47  4:27  Probe x2  
  49  4:39  Probe x2  
  49  4:44  Twilight Council  
  51  4:49  Forge  
  51  4:51  Probe x2  
  53  5:03  Pylon  
  53  5:06  Pylon  
  53  5:10  Colossus  
  59  5:23  Protoss Ground Weapons Level 1 (Chrono Boost)  
  59  5:25  Pylon  
  59  5:27  Charge (Chrono Boost)  
  59  5:28  Pylon  
  59  5:38  Stalker  
  59  5:39  Zealot  
  59  5:40  Zealot  
  65  5:53  Gateway x2  
  65  5:56  Gateway  
  65  6:01  Probe  
  65  6:02  Probe  
  67  6:12  Assimilator  
  67  6:13  Probe  
  67  6:14  Assimilator, Probe  
  69  6:26  Pylon, Probe  
  69  6:28  Pylon, Colossus  
  76  6:41  Gateway x2  
  76  6:43  Gateway  
  76  6:49  Zealot x2  
  76  6:50  Stalker  
  76  6:51  Stalker x2  
  86  7:04  Probe  
  86  7:05  Probe  
  88  7:17  Probe x2  
  88  7:19  Nexus  
  88  7:20  Pylon, Protoss Ground Weapons Level 2 (Chrono Boost)  
  88  7:22  Assimilator  
  90  7:26  Assimilator  
  90  7:29  Probe  
  87  7:53  Probe x2  
  89  8:03  Colossus  
  89  8:05  Probe x2  
  97  8:08  Stalker  
  97  8:09  Stalker  
  97  8:10  Stalker  
  97  8:11  Sentry  
  105  8:16  Zealot  
  105  8:17  Probe x2  
  109  8:27  Pylon  
  109  8:29  Probe  
  109  8:30  Probe  
  109  8:31  Pylon  
  109  8:33  Pylon  
  111  8:35  Sentry x2  
  115  8:47  Colossus  
  115  8:52  Robotics Facility  
  121  9:14  Probe  
  121  9:15  Probe x2  
  124  9:28  Probe  
  125  9:40  Colossus  
  125  9:44  Immortal  
  135  9:56  Pylon  
  135  9:58  Pylon  
  135  10:01  Pylon  
  135  10:11  Shield Battery  
  135  10:13  Stalker  
  135  10:14  Stalker x4, Shield Battery  
  141  10:17  Zealot x3  
  141  10:18  Zealot  
  141  10:20  Shield Battery  
  153  10:23  Shield Battery  
  153  10:24  Immortal  
  155  10:35  Immortal  
  117  10:57  Stalker x3  
  113  10:58  Zealot x4  
  113  10:59  Zealot  
  113  11:00  Stalker  
  113  11:03  Immortal  
  125  11:14  Immortal  
  129  11:19  Stalker x2  
  129  11:20  Stalker x3  
  129  11:22  Zealot x3  
  145  11:27  Sentry  
  147  11:41  Colossus  
  147  11:45  Pylon  
  153  11:47  Pylon  
  153  11:48  Pylon  
  153  11:52  Gateway  
  153  11:53  Immortal, Gateway  
  157  11:55  Gateway  
  157  12:08  Zealot x5  
  167  12:17  Stalker x3  
  173  12:27  Stalker  
  175  12:36  Stalker x4  
  183  12:44  Stalker x2  
  159  13:16  Stalker x5  
  159  13:17  Stalker x4  
  173  13:20  Zealot  
Tags
 
League
Silver
Matchup
PvT
Spawn Locations
Cross Positions
Add a new tag
Caveats
  • Supply blocks, unpowered buildings, or Contaminate may cause inaccurate times.
  • Supply counts are checked every 10 seconds.